 Dungeon Crawl Stone Soup version 0.30-a0-365-ge7f957f1db (webtiles) character file.

Game seed: 12544125629657098920

93 mopl the Trooper (level 4, -3/36 HPs)
             Began as a Mummy Monk on Nov 16, 2022.
             Slain by an orc priest
             ... wielding a +0 dagger
              (4 damage)
             ... on level 4 of the Dungeon.
             The game lasted 00:02:18 (1683 turns).

mopl the Trooper (Mummy Monk)                       Turns: 1683, Time: 00:02:18

Health: -3/36      AC:  2    Str: 16    XL:     4   Next: 36%
Magic:  0/4        EV: 12    Int:  9    God:
Gold:   113        SH:  0    Dex: 14    Spells: 3/3 levels left

rFire   x . .      SeeInvis .      - Unarmed
rCold   + . .      Faith    +    (no shield)
rNeg    + + +      Spirit   +    a - +0 robe
rPois   ∞          Reflect  .    (no helmet)
rElec   .          Harm     .    (no cloak)
rCorr   .          Rampage  .    (no gloves)
Will    .....                    (no boots)
Stlth   ++........               f - amulet of guardian spirit
HPRegen 0.26/turn                (no ring)
MPRegen 0.09/turn                (no ring)

@: no status effects
A: cold resistance 1, negative energy resistance 3, torment resistance 2, heat
vulnerability 1, in touch with death 1, no potions, faith
a: no special abilities


You were on level 4 of the Dungeon.
You visited 1 branch of the dungeon, and saw 4 of its levels.

You collected 113 gold pieces.

Inventory:

Missiles
 h - 8 boomerangs (quivered)
Armour
 a - a +0 robe (worn)
Jewellery
 f - an amulet of guardian spirit (around neck)
Wands
 i - a wand of charming (7)
Scrolls
 b - a scroll of identify {unknown}
 c - a scroll of blinking {unknown}
 d - a scroll of noise {unknown}
 e - 2 scrolls of teleportation {unknown}
 g - a scroll of poison {unknown}


   Skills:
 + Level 3.6 Fighting
 + Level 1.4 Armour
 - Level 2.4 Dodging
 - Level 1.5 Stealth
 * Level 3.5 Unarmed Combat


You had 3 spell levels left.
You didn't know any spells.
Your spell library was empty.

Dungeon Overview and Level Annotations

Branches:
Dungeon (4/15)
 Temple: D:4-7

Altars:
Makhleb

Annotations:
D:1 dig


Innate Abilities, Weirdness & Mutations

You are immune to poison.
Your flesh is cold resistant. (rC+)
You are immune to negative energy. (rN+++)
You are immune to unholy pain and torment.
You are vulnerable to heat. (rF-)
You are in touch with the powers of death.
You do not drink.
You have a special connection with the divine. (Faith)


Message History

You are too injured to fight recklessly!
You are too injured to fight recklessly!
You are too injured to fight recklessly!
You are too injured to fight recklessly!
You are too injured to fight recklessly!
You are too injured to fight recklessly!
You hit the orc priest but do no damage.
The orc priest is moderately wounded.
The orc priest hits you with a +0 dagger.
* * * LOW HITPOINT WARNING * * *
You barely miss the orc priest. Your punch misses the orc priest.
The orc priest is moderately wounded.
The orc priest hits you with a +0 dagger.
* * * LOW HITPOINT WARNING * * *
You hit the orc priest but do no damage.
The orc priest is moderately wounded.
The orc priest hits you with a +0 dagger.
* * * LOW HITPOINT WARNING * * *
You barely miss the orc priest.
The orc priest is moderately wounded.
The orc priest closely misses you.
You barely miss the orc priest.
The orc priest is moderately wounded.
The orc priest hits you with a +0 dagger.
* * * LOW HITPOINT WARNING * * *
You closely miss the orc priest.
The orc priest is moderately wounded.
The orc priest barely misses you.
You hit the orc priest but do no damage.
The orc priest is moderately wounded.
The orc priest hits you with a +0 dagger.
* * * LOW HITPOINT WARNING * * *
You barely miss the orc priest.
The orc priest is moderately wounded.
The orc priest hits you with a +0 dagger.
* * * LOW HITPOINT WARNING * * *
You hit the orc priest but do no damage.
The orc priest is moderately wounded.
The orc priest hits you with a +0 dagger.
You die...

###
#@#
#o#
#o#
#[#
#.#
#.#
#.#
#.#
#.#


You could see an orc priest and an orc.

Vanquished Creatures
  An orc wizard (D:4)
  2 adders
  3 dart slugs
  2 orcs (D:3)
  3 ball pythons (D:1)
  6 endoplasms
  4 goblins
  5 hobgoblins
  3 jackals (D:3)
  2 kobolds (D:1)
  2 quokkas
  A bat (D:3)
  4 frilled lizards
  4 rats
42 creatures vanquished.

Notes
Turn   | Place    | Note
-------+----------+-------------------------------------------
     0 | D:1      | mopl the Mummy Monk began the quest for the Orb.
     0 | D:1      | Reached XP level 1. HP: 18/18 MP: 1/1
    12 | D:1      | Noticed a centaur
   145 | D:1      | Reached XP level 2. HP: 16/24 MP: 2/2
   488 | D:1      | Reached skill level 3 in Unarmed Combat
   689 | D:2      | Reached skill level 1 in Armour
   689 | D:2      | Gained mutation: You are in touch with the powers of death.
                  | [Mummy growth]
   689 | D:2      | Reached XP level 3. HP: 20/29 MP: 3/3
   704 | D:2      | Noticed an ogre
  1281 | D:3      | Found a burning altar of Makhleb.
  1554 | D:4      | Reached XP level 4. HP: 32/35 MP: 4/4
  1681 | D:4      | HP: 1/36 [orc priest/+0 dagger (2)]
  1683 | D:4      | Slain by an orc priest

Illustrated notes

Levels and vault maps discovered:
D:1:      evilmike_arrival_come_back, layout_basic
D:2:      layout_rooms, hellmonk_ecumenical_altar_heavens_door, basic_altar
D:3:      layout_loops_ring, mainiacjoe_overflow_chevrons
D:4:      layout_basic, nicolae_yredelemnul_corpse_copse, uniq_sigmund

Skill      XL: |  1  2 |
---------------+-------+-----
Unarmed Combat | 3 |  3.5
Armour         | 1 |  1.4
Fighting       | |  3.6
Dodging        | |  2.4
Stealth        | |  1.5

Action                   |  1- 3 |  4- 6 || total
-------------------------+-------+-------++-------
Melee: Unarmed           |   167 |    36 ||   203
       Punch             |     3 |     1 ||     4
 Stab: Sleeping          |     5 |       ||     5
Armor: Robe              |    19 |     3 ||    22
Dodge: Dodged            |   108 |    13 ||   121

Table legend: (Time is in decaauts)
 A = Elapsed time spent in this place.
 B = Non-inter-level travel time spent in this place.
 C = Inter-level travel time spent in this place.
 D = Time resting spent in this place.
 E = Time spent auto-exploring this place.
 F = Levels seen in this place.
 G = Mean time per level.
                   A        B        C        D        E       F      G
               +--------+--------+--------+--------+--------+-----+--------+
         Total |   1672 |   1575 |     97 |    307 |    868 |   4 |  418.0 |
       Dungeon |   1672 |   1575 |     97 |    307 |    868 |   4 |  418.0 |
               +--------+--------+--------+--------+--------+-----+--------+

Top non-repeatable levels by time:
     D:3: 774 daAuts
     D:1: 770 daAuts
     D:4: 82 daAuts
     D:2: 44 daAuts
